 Dungeon Crawl Stone Soup version 0.21.1-1-g345015f (webtiles) character file.

144 tev the Chopper (level 5, 0/61 HPs)
             Began as a Demonspawn Berserker on July 30, 2018.
             Was a Believer of Trog.
             Slain by a gnoll
             ... wielding a +0 spear
              (6 damage)
             ... on level 3 of the Dungeon.
             The game lasted 00:09:10 (2918 turns).

tev the Chopper (Demonspawn Berserker)              Turns: 2918, Time: 00:09:11

Health: 0/61       AC:  6    Str: 24    XL:     5   Next: 5%
Magic:  5/5        EV: 11    Int:  8    God:    Trog [**....]
Gold:   56         SH:  0    Dex: 14    Spells: 4/4 levels left

rFire    + . .     SeeInvis .   o - +0 war axe
rCold    . . .     Gourm    .   (no shield)
rNeg     . . .     Faith    +   h - +0 scale mail {rF+}
rPois    .         Spirit   .   (no helmet)
rElec    .         Reflect  .   (no cloak)
rCorr    .         Harm     .   (no gloves)
MR       ++...                  (no boots)
Stlth    ..........             j - amulet of faith
HPRegen  1.20/turn              (no ring)
MPRegen  0.09/turn              (no ring)

@: berserking, regenerating, very quick
A: thin skeletal structure 1
a: Berserk, Trog's Hand, Burn Spellbooks, Renounce Religion


You were on level 3 of the Dungeon.
You worshipped Trog.
Trog was pleased with you.
You were very hungry.

You visited 1 branch of the dungeon, and saw 3 of its levels.

You collected 56 gold pieces.

Inventory:

Hand Weapons
 o - a +0 war axe (weapon)
Armour
 g - a +0 ring mail
 h - a +0 scale mail of fire resistance (worn)
Jewellery
 j - an amulet of faith (around neck)
Scrolls
 b - a scroll of amnesia {unknown}
 d - a scroll of remove curse {unknown}
 e - a scroll of fog {unknown}
 i - 3 scrolls of identify
 l - 5 scrolls of teleportation {unknown}
Potions
 f - a potion of lignification {unknown}
 k - 2 potions of invisibility {unknown}
 m - 2 potions of curing {unknown}
Comestibles
 c - 7 rations


   Skills:
 + Level 3.6 Fighting
 * Level 4.3 Axes
 + Level 2.4 Armour
 + Level 2.2 Dodging


You had 4 spell levels left.
You didn't know any spells.

Dungeon Overview and Level Annotations

Branches:
Dungeon (3/15)

Altars:


Innate Abilities, Weirdness & Mutations

You have a somewhat thin skeletal structure. (Dex +2, Stealth)


Message History

* * * LOW HITPOINT WARNING * * *
The gnoll hits you from afar with a spear.
* * * LOW HITPOINT WARNING * * *
You hit the gnoll.
The gnoll is almost dead.
The gnoll barely misses you.
The gnoll hits you from afar with a spear.
* * * LOW HITPOINT WARNING * * *
The gnoll closely misses you.
You hit the gnoll.
You kill the gnoll!
Trog accepts your kill.
You have reached level 5!
The gnoll hits you but does no damage. The gnoll barely misses you.
You are too injured to fight recklessly!
The gnoll closely misses you.
You closely miss the gnoll. The gnoll hits you with a halberd.
* * * LOW HITPOINT WARNING * * *
The gnoll hits you from afar with a spear.
You die...

... .># ....
... #.. #.#
#
#.##'#####.#
#..........#
#.....g....#
#...)g...#
#...@....#
##..######
#..## #...#
#(#.##
#.#..#
#..#.#
##.#.# #...#


You could see 2 gnolls.

Vanquished Creatures
  A hound (D:3)
  3 adders
  A gnoll (D:3)
  3 oozes
  2 worms
  6 orcs (D:3)
  4 giant cockroaches
  4 goblins
  7 hobgoblins
  2 ball pythons (D:1)
  6 bats
  2 frilled lizards
  6 kobolds
  11 rats
58 creatures vanquished.

Notes
Turn   | Place    | Note
-------+----------+-------------------------------------------
     0 | D:1      | tev the Demonspawn Berserker began the quest for the Orb.
     0 | D:1      | Reached XP level 1. HP: 18/18 MP: 1/1
   228 | D:1      | Reached skill level 3 in Axes
   228 | D:1      | Gained mutation: You have a somewhat thin skeletal structure. (Dex +2, Stealth) [demonic ancestry]
   228 | D:1      | Reached XP level 2. HP: 18/24 MP: 2/2
   920 | D:1      | Reached XP level 3. HP: 27/29 MP: 3/3
   995 | D:1      | Reached ** piety under Trog
  2100 | D:3      | Reached XP level 4. HP: 28/35 MP: 4/4
  2430 | D:3      | Reached skill level 4 in Axes
  2916 | D:3      | Reached XP level 5. HP: 4/41 MP: 5/5
  2918 | D:3      | Slain by a gnoll

Skill      XL: |  1  2  3  4 |
---------------+-------------+-----
Axes           | 3 4 |  4.3
Dodging        | 2 |  2.2
Armour         | 2 |  2.4
Fighting       | |  3.6

Action                   |  1- 3 |  4- 6 || total
-------------------------+-------+-------++-------
Melee: Hand axe          |   139 |    52 ||   191
       War axe           |       |     8 ||     8
Invok: Berserk           |     1 |     3 ||     4
       Trog's Hand       |       |     1 ||     1
  Use: Scroll            |     1 |       ||     1
 Stab: Sleeping          |     4 |       ||     4
  Eat: Chunk             |     5 |     4 ||     9
Armor: Animal skin       |     9 |       ||     9
       Ring mail         |    22 |       ||    22
       Scale mail        |     6 |    24 ||    30
Dodge: Dodged            |    98 |    56 ||   154
